 Dungeon Crawl Stone Soup version 0.28.0-43-g3370ac3207 (webtiles) character file.

Game seed: 9944860690004615160

2067 crimpus the Cudgeller (level 8, 0/70 HPs)
             Began as a Demigod Fighter on Mar 8, 2022.
             Slain by a gnoll
             ... wielding a +0 whip
              (7 damage)
             ... on level 5 of the Dungeon.
             The game lasted 00:12:01 (10092 turns).

crimpus the Cudgeller (Demigod Fighter)            Turns: 10092, Time: 00:12:02

Health: 0/70       AC:  7    Str: 25    XL:     8   Next: 77%
Magic:  10/10      EV: 10    Int: 10    God:
Gold:   319        SH:  5    Dex: 13    Spells: 7/7 levels left

rFire   . . .      SeeInvis .   h - +1 mace
rCold   + . .      Faith    .   c - +0 buckler
rNeg    . . .      Spirit   .   n - +3 leather armour {rC+}
rPois   .          Reflect  .   (helmet restricted)
rElec   .          Harm     .   (no cloak)
rCorr   .          Rampage  .   (no gloves)
Will    .....                   q - +0 pair of boots
Stlth   +.........              a - amulet of the acrobat
HPRegen 0.21/turn               (no ring)
MPRegen 0.12/turn               (no ring)

@: no status effects
A: high MP 1, forlorn, divine attributes, antennae 1, sense surroundings 1,
evolution 1
a: no special abilities


You were on level 5 of the Dungeon.
You visited 1 branch of the dungeon, and saw 6 of its levels.

You collected 319 gold pieces.

Inventory:

Hand Weapons
 h - a +1 mace (weapon)
 u - a +3 triple crossbow
Armour
 c - a +0 buckler (worn)
 n - a +3 leather armour of cold resistance (worn)
 q - a +0 pair of boots (worn)
Jewellery
 a - an amulet of the acrobat (around neck)
 f - a +6 ring of intelligence
 g - an amulet of magic regeneration
 r - a +6 ring of intelligence
 t - a ring of ice
Wands
 m - a wand of flame (52)
Scrolls
 b - 2 scrolls of immolation {unknown}
 k - 3 scrolls of vulnerability
 l - a scroll of teleportation
 o - 4 scrolls of identify
 p - 2 scrolls of enchant weapon
Potions
 e - a potion of might
 i - a potion of flight
 j - a potion of mutation
 s - 4 potions of curing


   Skills:
 + Level 5.9 Fighting
 + Level 7.5 Maces & Flails
 + Level 5.4 Armour
 + Level 4.5 Shields


You had 7 spell levels left.
You didn't know any spells.
Your spell library contained the following spells:

 Spells                   Type           Power      Damage    Failure   Level
 Animate Skeleton         Necr           0%         N/A       50%         1
 Magic Dart               Conj           0%         1d3       50%         1
 Pain                     Necr           0%         1d4       50%         1
 Shock                    Conj/Air       0%         1d3       50%         1
 Call Imp                 Summ           0%         N/A       63%         2
 Ensorcelled Hibernation  Hex/Ice        0%         N/A       63%         2
 Scorch                   Fire           0%         2d5       63%         2
 Mephitic Cloud           Conj/Pois/Air  0%         N/A       86%         3
 Spider Form              Tmut/Pois      0%         N/A       86%         3
 Swiftness                Air            0%         N/A       86%         3
 Vampiric Draining        Necr           0%         2d6       86%         3
 Airstrike                Air            0%         N/A       99%         4
 Anguish                  Hex/Necr       0%         N/A       99%         4
 Flame Wave               Conj/Fire      0%         2d4       99%         4
 Summon Cactus Giant      Summ           0%         N/A       100%        6


Dungeon Overview and Level Annotations

Branches:
Dungeon (6/15)             Temple (0/1) D:5


Innate Abilities, Weirdness & Mutations

You have an increased reservoir of magic. (+10% MP)
You shall have no god before yourself.
Your divine heritage dramatically boosts your attributes as you level up.
You have a pair of small antennae on your head.
You passively map a small area around you.
You have hidden genetic potential.


Message History

The gnoll closely misses you.
You sock the gnoll!
You kill the gnoll!
You hit the gnoll but do no damage. The gnoll hits you with a +0 whip.
The gnoll hits you from afar with a +1 spear of venom.
You are poisoned. 2 orc wizards come into view.
You feel sick.
The orc wizard shouts! x2
An orc comes into view. It is wielding a +0 flail.
The orc priest calls down the wrath of Beogh upon you.
Beogh smites you!
* * * LOW HITPOINT WARNING * * *
You feel sick.
You feel sick.
You feel sick.
The orc wizard mumbles some strange words.
The orc wizard flickers and vanishes!
Deactivating autopickup; reactivate with Ctrl-A.
You feel sick.
You feel sick.
You are no longer poisoned.
A magic dart appears from out of thin air!
The magic dart hits you!
* * * LOW HITPOINT WARNING * * *
There is a stone staircase leading up here.
The gnoll closely misses you. x2
A magic dart appears from out of thin air!
The magic dart hits you.
* * * LOW HITPOINT WARNING * * *
You climb upwards.
Reactivating autopickup.
There is a stone staircase leading down here.
You sock the gnoll!
The gnoll is severely wounded.
The gnoll barely misses you.
You hit the gnoll.
The gnoll is almost dead.
The gnoll hits you with a +0 whip!
You die...

#.♣.♣.##.....##...##..###..#####
#.....###.......(......#....#
#.##### #..............#....#
#)# #..............#....# #.#
#.........#######..## #.#
#.........##...#####
#.########...##.........#
#.......###+###.g.......#
####....#.....#@..##...##
#....#.....#....#####
#....#....##....#
#....'....#####.#
#....#..........#####
#########...##...##...##
#.....###...##...##....#
##.....#...(#######....#
#.....'.....'.........#


You could see a gnoll.

Vanquished Creatures
  Pikel (D:5)
  Duvessa (D:4)
  An ice beast (D:5)
  A black bear (D:5)
  2 phantoms
  Blork the orc (D:5)
  A bullfrog (D:6)
  5 scorpions
  A water moccasin zombie (D:5)
  Dowan (D:4)
  A crimson imp (D:6)
  A bullfrog zombie (D:5)
  2 jellies
  2 gnoll shamans
  A centaur skeleton (D:6)
  2 hounds
  2 bullfrog skeletons
  Terence (D:2)
  A hound skeleton (D:5)
  Robin (D:2)
  7 gnolls
  6 adders
  A white imp (D:6)
  An ufetubus (D:6)
  3 worms
  9 orcs
  6 ball pythons
  10 endoplasms
  3 giant cockroaches
  13 hobgoblins
  5 quokkas
  6 bats
  3 frilled lizards
  18 goblins
  9 kobolds
  6 rats
135 creatures vanquished.

Notes
Turn   | Place    | Note
-------+----------+-------------------------------------------
     0 | D:1      | crimpus the Demigod Fighter began the quest for the Orb.
     0 | D:1      | Reached XP level 1. HP: 18/18 MP: 3/3
   215 | D:1      | Reached XP level 2. HP: 25/25 MP: 4/4
   250 | D:1      | Reached skill level 2 in Maces & Flails
   988 | D:1      | Reached XP level 3. HP: 29/31 MP: 5/5
  1934 | D:2      | Noticed Robin
  1958 | D:2      | Killed Robin
  1980 | D:2      | Reached XP level 4. HP: 11/38 MP: 6/6
  2400 | D:2      | Noticed Terence
  2412 | D:2      | Killed Terence
  2413 | D:2      | Reached skill level 3 in Maces & Flails
  3941 | D:3      | Reached XP level 5. HP: 41/45 MP: 7/7
  4637 | D:4      | Reached skill level 4 in Maces & Flails
  4637 | D:4      | Reached XP level 6. HP: 35/52 MP: 8/8
  5570 | D:5      | Entered Level 5 of the Dungeon
  5570 | D:5      | Noticed Duvessa
  5570 | D:5      | Noticed Dowan
  5574 | D:5      | Noticed Blork the orc
  5594 | D:4      | Killed Duvessa
  5599 | D:4      | Killed Dowan
  6305 | D:5      | Killed Blork the orc
  6306 | D:5      | Reached skill level 5 in Maces & Flails
  6306 | D:5      | Reached XP level 7. HP: 46/59 MP: 9/9
  6609 | D:5      | Found a staircase to the Ecumenical Temple.
  7222 | D:5      | Reached skill level 5 in Armour
  7243 | D:5      | Noticed Pikel
  7248 | D:5      | Gained mutation: You have a pair of small antennae on your
                  | head. [potion of mutation]
  7248 | D:5      | Gained mutation: You have hidden genetic potential. [potion
                  | of mutation]
  7262 | D:5      | Killed Pikel
  7263 | D:5      | Reached skill level 5 in Fighting
  7263 | D:5      | Reached skill level 6 in Maces & Flails
  7263 | D:5      | Reached XP level 8. HP: 35/68 MP: 10/10
  7734 | D:5      | Reached skill level 7 in Maces & Flails
  8195 | D:6      | Gained mutation: You passively map a small area around you.
                  | [hidden potential]
 10092 | D:5      | Slain by a gnoll

Illustrated notes

Levels and vault maps discovered:
D:1:      nzn_arrival_crosshair, layout_basic, ebering_ecumenical_altar_hall
D:2:      layout_basic, st_stairs_10, grunt_ministairs_10, uniq_robin,
          uniq_terence
D:3:      layout_basic, corexii_shack
D:4:      layout_loops_ring
D:5:      layout_gridville, minmay_temple_entry_trees, uniq_pikel,
          uniq_blork_the_orc, uniq_duvessa
D:6:      layout_cave_pools, mainiacjoe_overflow_catwalk, minmay_fire_ice_demons

Skill      XL: |  1  2  3  4  5  6  7  8 |
---------------+-------------------------+-----
Maces & Flails | 2 3 4 5 6 7 |  7.5
Fighting       | 3 4 5 |  5.9
Armour         | 3 4 5 |  5.4
Shields        | 3 4 |  4.5

Action                   |  1- 3 |  4- 6 |  7- 9 || total
-------------------------+-------+-------+-------++-------
Melee: Flail             |    34 |       |       ||    34
       Mace              |   120 |   199 |   140 ||   459
       Whip              |       |       |    84 ||    84
  Use: Potion            |     2 |     6 |     5 ||    13
       Scroll            |     1 |     8 |     2 ||    11
Armor: Scale mail        |    71 |    55 |       ||   126
       Skin              |       |    25 |       ||    25
       Leather armour    |       |     1 |    73 ||    74
Dodge: Dodged            |    87 |    97 |   110 ||   294
Block: Buckler           |    39 |    56 |    48 ||   143
